 Dungeon Crawl Stone Soup version 0.29-a0-757-g358383bc75 (webtiles) character file.

Game seed: 14880118840677829367

6312 dolemite99 the Carver (level 10, 0/55 HPs)
             Began as a Vampire Gladiator on July 1, 2022.
             Was a High Priest of Hepliaklqana.
             Slain by a water moccasin (6 damage)
             ... on level 10 of the Dungeon.
             The game lasted 00:21:51 (12627 turns).

dolemite99 the Carver (Vampire Gladiator)          Turns: 12627, Time: 00:21:52

Health: 0/55       AC: 11    Str: 10 (13) XL:     10   Next: 64%
Magic:  15/15      EV: 11    Int: 10 (11) God:    Hepliaklqana [*****.]
Gold:   147        SH:  5    Dex: 18 (20) Spells: 4/9 levels left

rFire   . . .      SeeInvis +   b - +0 dagger (venom)
rCold   + + .      Faith    .   (no shield)
rNeg    + + +      Spirit   .   j - +0 scale mail
rPois   ∞          Reflect  +   c - +1 helmet
rElec   .          Harm     .   d - +0 cloak
rCorr   .          Rampage  .   F - +0 pair of gloves
Will    +....                   A - +0 pair of boots
Stlth   ++........              g - amulet of reflection
HPRegen 0.00/turn               (no ring)
MPRegen 0.14/turn               (no ring)

@: bloodless, inhibited regen
A: reduced essence, bloodless, fangs 3, see invisible, vampiric 2
a: Bat Form, Revivify, Renounce Religion, Recall Ancestor, Ancestor Identity,
Transference, Idealise


You were on level 10 of the Dungeon.
You worshipped Hepliaklqana.
Hepliaklqana was extremely pleased with you.
You visited 2 branches of the dungeon, and saw 11 of its levels.
You also visited: Sewer.

You collected 425 gold pieces.
You spent 278 gold pieces at shops.

Inventory:

Hand Weapons
 a - a +1 long sword
 b - a +0 dagger of venom (weapon)
 s - a +0 rapier
 D - a +1 dagger of draining
Missiles
 e - a javelin
 q - 9 boomerangs (quivered)
 v - 6 poisoned darts
 w - 3 throwing nets
Armour
 c - a +1 helmet (worn)
 d - a +0 cloak (worn)
 i - a +2 leather armour of poison resistance
 j - a +0 scale mail (worn)
 t - a +0 chain mail
 A - a +0 pair of boots (worn)
 F - a +0 pair of gloves (worn)
Magical Staves
 p - a staff of conjuration
Jewellery
 g - an amulet of reflection (around neck)
 k - a ring of ice
Wands
 C - a wand of charming (2)
Scrolls
 f - 3 scrolls of vulnerability
 B - 5 scrolls of teleportation
 G - a scroll of fog
 I - 3 scrolls of fear
 J - 2 scrolls of blinking
Potions
 h - 2 potions of degeneration
 l - 2 potions of cancellation
 m - 2 potions of berserk rage
 o - a potion of brilliance {unknown}
 r - 2 potions of attraction {unknown}
 u - 4 potions of ambrosia {unknown}
 x - 2 potions of might {unknown}
 z - a potion of invisibility {unknown}
 E - a potion of mutation {unknown}


   Skills:
 + Level 7.4 Fighting
 - Level 5.7(8.6) Short Blades
 - Level 9.2(9.8) Long Blades
 - Level 1.8 Throwing
 - Level 7.1 Dodging
 - Level 7.2 Invocations


You had 4 spell levels left.
You knew the following spells:

 Your Spells              Type           Power      Damage    Failure   Level
b - Wereblood             Tmut           0%         N/A       99%         2
c - Confusing Touch       Hex            0%         N/A       100%        3

Your spell library contained the following spells:

 Spells                   Type           Power      Damage    Failure   Level
 Beastly Appendage        Tmut           0%         N/A       95%         1
 Freeze                   Ice            0%         1d3       95%         1
 Magic Dart               Conj           0%         1d3       95%         1
 Blink                    Tloc           0%         N/A       99%         2
 Scorch                   Fire           0%         2d5       99%         2
 Searing Ray              Conj           0%         2d4       99%         2
 Conjure Flame            Conj/Fire      0%         6-21      100%        3
 Frozen Ramparts          Ice            0%         1d2       100%        3
 Ignite Poison            Fire/Tmut/Pois 0%         N/A       100%        3
 Mephitic Cloud           Conj/Pois/Air  0%         N/A       100%        3
 Spider Form              Tmut/Pois      0%         N/A       100%        3
 Flame Wave               Conj/Fire      0%         2d4       100%        4
 Fulminant Prism          Conj/Hex       0%         3d6       100%        4
 Hailstorm                Conj/Ice       0%         3d3       100%        4
 Sticky Flame             Conj/Fire      0%         2d3       100%        4
 Freezing Cloud           Conj/Ice/Air   0%         6-21      100%        5
 Manifold Assault         Tloc           0%         N/A       100%        5
 Yara's Violent Unravell  Hex/Tmut       0%         3d3       100%        5
 Dispersal                Tloc           0%         N/A       100%        6
 Summon Cactus Giant      Summ           0%         N/A       100%        6
 Enfeeble                 Hex            0%         N/A       100%        7
 Storm Form               Tmut/Air       0%         N/A       100%        7
 Disjunction              Tloc           0%         N/A       100%        8


Dungeon Overview and Level Annotations

Branches:
Dungeon (10/15)            Temple (1/1) D:7             Orc (0/2) D:9
  Sewer (visited)
   Lair: D:8-11

Altars:
Ashenzari
Cheibriados
Dithmenos
Elyvilon
Fedhas
Gozag
Hepliaklqana
Kikubaaqudgha
Makhleb
Nemelex Xobeh
Okawaru
Qazlal
Ru
Trog
Uskayaw
Vehumet
Wu Jian
Xom
Zin
The Shining One

Shops:
D:7 ?   D:8 [

Annotations:
D:4 2 transporters, zeratav's ghost, amateur SpHu
D:8 2 transporters, porpoise's ghost, novice TeSu


Innate Abilities, Weirdness & Mutations

Your life essence is reduced to manifest your ancestor. (-10% HP)
You do not regenerate when monsters are visible.
You are frail without blood (-20% HP).
You can heal yourself when you bite living creatures.
You are immune to poison.
You have razor-sharp teeth.
You have supernaturally acute eyesight. (SInv)
You are afflicted with vampirism and can become a bat while bloodless.


Message History

The wyvern is lightly wounded.
The wyvern barely misses you.
You closely miss the wyvern. Your bite misses the wyvern.
The wyvern is lightly wounded.
The wyvern bites you.
You hit the wyvern but do no damage.
The wyvern looks as sick as possible!
You bite the wyvern, but do no damage.
The wyvern is lightly wounded.
The wyvern bites you!
* * * LOW HITPOINT WARNING * * *
You hit the wyvern but do no damage. You bite the wyvern.
You draw the wyvern's blood!
You feel better.
The wyvern is moderately wounded.
The wyvern bites you but does no damage.
You hit the wyvern but do no damage.
The wyvern is heavily wounded.
You hit the wyvern.
The wyvern looks as sick as possible!
The wyvern is severely wounded.
The wyvern bites you!
* * * LOW HITPOINT WARNING * * *
You closely miss the wyvern.
The wyvern is severely wounded.
The wyvern closely misses you.
You closely miss the wyvern.
The wyvern is severely wounded.
The wyvern barely misses you.
Okay, then.
You closely miss the wyvern.
The wyvern is almost dead.
The wyvern closely misses you.
As you read the scroll of fear, it crumbles to dust.
You assume a fearsome visage.
The wyvern looks frightened!
The basilisk looks frightened!
The water moccasin looks frightened!
Cornered, the water moccasin turns to fight!
You kill the wyvern!
You feel your dexterity returning.
The water moccasin attacks as you move away!
The water moccasin closely misses you.
Cornered, the basilisk turns to fight!
The water moccasin bites you.
You die...

♣.♣.P.P.#
P......s####
.P.....S.s<#
........##l#
...P...###.#
.....## #.#
P.... #.#
..## #S# .
#@# #.# #.#
#.# ..# ###


You could see a basilisk, a water moccasin and a scorpion.

Vanquished Creatures
  A troll (D:10)
  Grinder (D:3)
  2 wyverns
  A two-headed ogre zombie (D:9)
  3 water moccasins
  An ogre (D:6)
  2 wolves (D:10)
  A bullfrog (D:7)
  A necrophage (D:5)
  4 wights (D:6)
  A troll zombie (D:9)
  9 killer bees
  2 howler monkeys (D:9)
  3 hounds
  2 orc priests
  2 jellies (D:7)
  An iguana (D:6)
  3 ogre zombies (D:9)
  4 adders
  A shadow imp (D:6)
  A white imp (D:6)
  A worm (D:4)
  A dart slug (D:5)
  14 orcs
  2 bats
  3 endoplasms
  2 giant cockroaches
  3 goblins
  5 hobgoblins
  2 jackals (D:3)
  A quokka (D:1)
  3 ball pythons
  4 frilled lizards
  4 goblin zombies (D:9)
  A hobgoblin skeleton (D:9)
  2 hobgoblin zombies (D:9)
  10 kobolds
  An orc skeleton (D:9)
  2 orc zombies (D:9)
  10 rats
117 creatures vanquished.

Vanquished Creatures (collateral kills)
  Pikel (D:4)
  Sigmund (D:2)
  A wraith (D:9)
  A wyvern (D:9)
  2 yaks
  Menkaure (D:7)
  2 water moccasins
  An acid dragon (D:8)
  Pargi (Sewer)
  2 black bears
  A centaur (D:8)
  2 phantoms
  A kobold brigand (D:8)
  2 necrophages
  A scorpion (D:5)
  3 wights (D:6)
  6 killer bees
  2 howler monkeys
  5 hounds
  3 orc priests
  A gnoll shaman (D:8)
  Crazy Yiuf (D:5)
  Jessica (D:3)
  7 orc wizards
  3 ogre zombies (D:9)
  9 adders
  A river rat (D:6)
  A shadow imp (D:5)
  A worm (D:6)
  A dart slug (D:1)
  34 orcs
  A ball python (D:1)
  3 bats (D:2)
  An endoplasm (D:2)
  7 goblins
  2 hobgoblins (D:2)
  2 jackals (D:3)
  8 kobolds
  3 quokkas
  2 frilled lizards
  2 goblin skeletons (D:9)
  A goblin zombie (D:9)
  A hobgoblin skeleton (D:9)
  2 orc skeletons (D:9)
  9 orc zombies (D:9)
  6 rats
149 creatures vanquished.

Vanquished Creatures (others)
  A wight (D:6)
  9 battlemagi
  6 plants (D:10)
16 creatures vanquished.

Grand Total: 282 creatures vanquished

Notes
Turn   | Place    | Note
-------+----------+-------------------------------------------
     0 | D:1      | dolemite99 the Vampire Gladiator began the quest for the
                  | Orb.
     0 | D:1      | Reached XP level 1. HP: 16/16 MP: 1/1
   165 | D:1      | Reached XP level 2. HP: 10/17 MP: 2/2
   615 | D:1      | Found a faded altar of an unknown god.
   641 | D:1      | Prayed at the altar of an unknown god.
   641 | D:1      | Became a worshipper of Hepliaklqana the Forgotten
   641 | D:1      | Reached * piety under Hepliaklqana
  1475 | D:2      | Gained mutation: You are afflicted with vampirism and can
                  | become a bat while bloodless. [Vampire growth]
  1475 | D:2      | Reached XP level 3. HP: 18/18 MP: 3/3
  1538 | D:2      | Reached ** piety under Hepliaklqana
  1543 | D:2      | Remembered your ancestor Numeria as a battlemage
  1622 | D:2      | Reached skill level 4 in Long Blades
  1753 | D:2      | Noticed Sigmund
  1761 | D:2      | Killed Sigmund
  1762 | D:2      | Reached skill level 6 in Long Blades
  1762 | D:2      | Reached XP level 4. HP: 23/23 MP: 4/4
  1762 | D:2      | Reached XP level 5. HP: 26/26 MP: 5/5
  2189 | D:3      | Noticed Grinder
  2218 | D:3      | Paralysed by Grinder for 4 turns
  2236 | D:3      | Paralysed by Grinder for 4 turns
  2261 | D:3      | Killed Grinder
  2262 | D:3      | Reached skill level 7 in Long Blades
  2262 | D:3      | Reached XP level 6. HP: 7/30 MP: 6/6
  2544 | D:3      | Noticed Jessica
  2550 | D:3      | Killed Jessica
  2740 | D:3      | Reached *** piety under Hepliaklqana
  3734 | D:3      | Reached XP level 7. HP: 32/35 MP: 7/7
  3975 | D:4      | Reached skill level 1 in Short Blades
  3984 | D:4      | Found a shadowy altar of Dithmenos.
  4171 | D:4      | Noticed Pikel
  4255 | D:4      | Killed Pikel
  4256 | D:4      | Reached skill level 5 in Short Blades
  4256 | D:4      | Reached XP level 8. HP: 39/39 MP: 8/8
  4271 | D:4      | Found a transporter.
  4281 | D:4      | Found a transporter.
  4283 | D:4      | Noticed zeratav's ghost (amateur SpHu)
  4378 | D:4      | Found a sacrificial altar of Ru.
  4378 | D:4      | Found an ancient bone altar of Kikubaaqudgha.
  4573 | D:5      | Entered Level 5 of the Dungeon
  4833 | D:5      | Reached **** piety under Hepliaklqana
  5094 | D:5      | Found a sparkling altar of Nemelex Xobeh.
  5744 | D:5      | Identified the +10 hammer "Ulenotz" {freeze, rC- MP-9 Int+8
                  | Stlth+}
  5746 | D:5      | Found a runed translucent door.
  5747 | D:5      | Noticed Crazy Yiuf
  5754 | D:5      | Killed Crazy Yiuf
  6387 | D:6      | Reached skill level 5 in Fighting
  6627 | D:6      | Found a glowing drain.
  6633 | Sewer    | Entered a sewer
  6803 | Sewer    | Noticed Pargi
  6805 | Sewer    | Killed Pargi
  6970 | D:6      | Reached skill level 5 in Dodging
  7085 | D:6      | Reached XP level 9. HP: 29/48 MP: 9/9
  7666 | D:7      | Reached skill level 8 in Long Blades
  7684 | D:7      | Noticed Menkaure
  7692 | D:7      | Killed Menkaure
  7803 | D:7      | Found Ympuroq's Magic Scroll Shop.
  7807 | D:7      | Learned a level 2 spell: Blink
  7810 | D:7      | Learned a level 2 spell: Wereblood
  7817 | D:7      | Bought a scroll of fear for 45 gold pieces
  7817 | D:7      | Bought a scroll of blinking for 97 gold pieces
  7817 | D:7      | Bought a scroll of teleportation for 39 gold pieces
  7817 | D:7      | Bought a scroll of enchant armour for 97 gold pieces
  7858 | D:7      | Reached ***** piety under Hepliaklqana
  7932 | D:7      | Reached skill level 9 in Long Blades
  8055 | D:7      | Found a staircase to the Ecumenical Temple.
  8086 | Temple   | Entered the Ecumenical Temple
  8212 | D:7      | Found a bloodstained altar of Trog.
  8474 | D:8      | Reached skill level 1 in Invocations
  8644 | D:8      | Found an ornate altar of the Wu Jian Council.
  8810 | D:8      | Learned a level 3 spell: Confusing Touch
  8872 | D:8      | Found Heqisith's Antique Armour Shoppe.
  9191 | D:8      | Noticed an orc knight
  9206 | D:8      | Found a transporter.
  9358 | D:8      | Noticed porpoise's ghost (novice TeSu)
  9362 | D:8      | Found a transporter.
  9549 | D:9      | Reached skill level 5 in Invocations
  9549 | D:9      | Reached XP level 10. HP: 26/53 MP: 13/13
 10136 | D:9      | Found a staircase to the Orcish Mines.
 10265 | D:9      | Found a stormy altar of Qazlal.
 10540 | D:9      | Found a hide-covered altar of Uskayaw.
 12028 | D:10     | Entered Level 10 of the Dungeon
 12627 | D:10     | Slain by a water moccasin

Illustrated notes

Levels and vault maps discovered:
D:1:      co_arrival_hall_of_pillars, layout_basic,
          shapermc_ecumenical_altar_pompeii, minmay_misc_feat_more_columns,
          minmay_misc_feat_hallway
D:2:      layout_basic, uniq_sigmund
D:3:      layout_basic, minmay_unequal, uniq_jessica, uniq_grinder
D:4:      layout_basic, mainiacjoe_overflow_concentric_impassable,
          mainiacjoe_overflow_24_doors, lemuel_doored_altar,
          gammafunk_temple_overflow_statue, gammafunk_ghost_arena, uniq_pikel,
          uniq_robin, uniq_ijyb
D:5:      layout_loops_ring, mainiacjoe_overflow_cross_hatched,
          serial_co_window_serial, co_window_paths_b, co_window_paths_a,
          co_window_paths_a, co_window_corner_a, co_window_paths_a,
          co_window_cross_4, co_window_unsneaky_path_e, co_window_broadway_c,
          co_window_broadway_a, co_window_corner_b, co_window_4corner_a,
          glass_columns_b, glass_columns_c, uniq_crazy_yiuf_cottage
D:6:      layout_loops_ring, enter_ossuary_2, lightli_sewer_entry_pipes
D:7:      layout_rooms, nicolae_overflow_crystal_walls,
          minmay_temple_entry_gardened_gates, serial_shops, nicolae_shop_trees,
          uniq_menkaure
D:8:      layout_cave_pools, kennysheep_little_box, serial_shops, shop,
          gammafunk_ghost_arena, hangedman_decor_lopped,
          nicolae_zen_rock_garden, minmay_checkerbox
D:9:      layout_basic, kennysheep_mini_moat, mainiacjoe_overflow_tiny_flanked,
          zombieorc2_lemuel
D:10:     layout_loops_ring, nicolae_yredelemnul_corpse_copse,
          minmay_lair_entry_grove, minmay_unpleasant_kobolds, uniq_lodul
Temple:   jpeg_temple_clearing

Skill      XL: |  1  2  3  4  5  6  7  8  9 10 |
---------------+-------------------------------+-----
Fighting       | 2 5 7 |  7.4
Long Blades    | 6 7 9 |  9.2
Short Blades   | 5 |  5.7
Dodging        | 5 7 |  7.1
Invocations    | 5 7 |  7.2
Throwing       | |  1.8

Action                   |  1- 3 |  4- 6 |  7- 9 | 10-12 || total
-------------------------+-------+-------+-------+-------++-------
Melee: Long sword        |    68 |    47 |    67 |    61 ||   243
       Bite              |     5 |     7 |    32 |    19 ||    63
       Punch             |     2 |       |     5 |     1 ||     8
       Dagger            |       |       |   152 |    90 ||   242
Throw: Dart              |       |       |     6 |       ||     6
       Throwing net      |       |       |     3 |       ||     3
       Javelin           |       |       |     2 |       ||     2
       Boomerang         |       |       |    44 |    21 ||    65
Invok: Ancestor Life: Ba |     1 |       |       |       ||     1
       Recall Ancestor   |       |       |     4 |     2 ||     6
 Abil: Exsanguinate      |     1 |       |       |       ||     1
       End Transformatio |       |       |       |     2 ||     2
       Bat Form          |       |       |       |     2 ||     2
Evoke: Wand              |       |       |     4 |       ||     4
  Use: Potion            |     3 |     1 |       |     3 ||     7
       Scroll            |       |     5 |     9 |     3 ||    17
 Stab: Sleeping          |     3 |     1 |     7 |       ||    11
       Distracted        |       |       |     4 |     1 ||     5
Armor: Leather armour    |     8 |       |       |       ||     8
       Scale mail        |    21 |    11 |    49 |    54 ||   135
       Troll leather arm |       |       |     7 |       ||     7
Dodge: Dodged            |    74 |    21 |    92 |    76 ||   263
Block: Other             |       |     7 |    39 |    32 ||    78
       Reflection        |       |     1 |     2 |       ||     3

Table legend: (Time is in decaauts)
 A = Elapsed time spent in this place.
 B = Non-inter-level travel time spent in this place.
 C = Inter-level travel time spent in this place.
 D = Time resting spent in this place.
 E = Time spent auto-exploring this place.
 F = Levels seen in this place.
 G = Mean time per level.
                   A        B        C        D        E       F      G
               +--------+--------+--------+--------+--------+-----+--------+
         Total |  12559 |  12323 |    236 |   4446 |   5166 |  12 | 1046.6 |
       Dungeon |  12269 |  12045 |    224 |   4446 |   4994 |  10 | 1226.9 |
        Temple |     85 |     73 |     12 |      0 |     61 |   1 |   85.0 |
         Sewer |    204 |    204 |      0 |      0 |    110 |   1 |  204.0 |
               +--------+--------+--------+--------+--------+-----+--------+

Top non-repeatable levels by time:
     D:9: 2601 daAuts
     D:3: 2008 daAuts
     D:5: 1795 daAuts
     D:8: 1365 daAuts
     D:1: 1258 daAuts
     D:6: 1099 daAuts
     D:7: 722 daAuts
     D:2: 685 daAuts
     D:4: 601 daAuts
   Sewer: 204 daAuts
    D:10: 131 daAuts
  Temple: 85 daAuts
